Map: Frost LE

Players

SortOf - Winner!

  • Race: Zerg Zerg
  • League: Master

Virse

  • Race: Zerg Zerg
  • League: Master

VOD

Have the link to the VOD?

Description

Time

  • Played on: Oct. 26, 2016, 4:07 a.m.
  • Length: 6:50
Show
View Real Time Build Order
Export as new Build Order

SortOf Zerg - Winner!

Build Orders: Hatch First 

Get SALT Encoding   

  12  0:02  Drone  
  13  0:13  Overlord  
  13  0:18  Drone  
  14  0:32  Drone x2  
  16  0:36  Drone  
  17  0:58  Unknown, Hatchery, Drone  
  17  1:00  Drone  
  18  1:12  Extractor  
  18  1:15  Spawning Pool  
  18  1:17  Drone  
  17  1:20  Drone  
  18  1:28  Drone  
  19  1:38  Overlord  
  19  1:50  Drone  
  20  2:01  Queen  
  20  2:02  Zergling x2  
  23  2:09  Queen, Unknown  
  23  2:10  Zergling x2  
  23  2:14  Metabolic Boost, Drone  
  27  2:21  Drone  
  28  2:23  Drone  
  29  2:31  Drone  
  30  2:39  Queen  
  30  2:44  Drone  
  33  2:45  Drone x2  
  35  2:54  Unknown, Hatchery  
  34  2:59  Baneling Nest  
  34  3:01  Drone  
  34  3:06  Overlord  
  34  3:11  Drone x2  
  36  3:27  Zergling x14  
  43  3:41  Overlord  
  43  3:48  Evolution Chamber  
  43  3:50  Overlord  
  43  3:54  Drone  
  43  3:55  Roach Warren  
  42  3:56  Drone  
  44  4:02  Drone  
  44  4:03  Drone  
  44  4:05  Unknown, Drone x5  
  49  4:13  Drone x2  
  49  4:14  Drone x2  
  53  4:18  Zerg Ground Armor Level 1  
  53  4:19  Extractor  
  53  4:21  Drone  
  53  4:24  Drone  
  53  4:25  Drone x2  
  53  4:28  Extractor  
  53  4:29  Drone x2  
  55  4:31  Drone  
  55  4:33  Drone  
  55  4:38  Overlord  
  57  4:44  Roach x3  
  57  4:45  Roach  
  65  4:49  Overlord  
  65  4:51  Overlord  
  65  4:56  Overlord  
  64  5:02  Roach x2  
  64  5:04  Roach x2  
  69  5:08  Roach x2  
  69  5:13  Drone  
  69  5:14  Drone x3  
  75  5:15  Drone  
  75  5:17  Overlord  
  75  5:20  Zergling x4  
  79  5:31  Overlord  
  79  5:37  Zergling x2  
  80  5:45  Ravager x4  
  80  5:49  Overlord  
  84  5:56  Zergling x24  
  96  6:06  Zergling x2  
  96  6:07  Zergling x14  
  104  6:11  Ravager x4  
  104  6:12  Ravager  
  104  6:15  Zergling x2  
  104  6:16  Zergling x8  
  114  6:20  Extractor  
  113  6:30  Zergling x8  
  113  6:31  Unknown, Hatchery  
Show
View Real Time Build Order
Export as new Build Order

Virse Zerg 

Build Orders: 3 Hatch before Pool 

Get SALT Encoding   

  12  0:01  Drone  
  13  0:13  Overlord  
  13  0:17  Drone  
  14  0:31  Drone x2  
  14  0:35  Drone  
  17  0:46  Drone  
  18  0:57  Unknown, Hatchery  
  17  0:59  Drone  
  18  1:19  Unknown, Hatchery  
  18  1:22  Drone  
  18  1:34  Spawning Pool  
  18  1:37  Drone  
  18  1:42  Drone  
  18  1:44  Drone  
  20  1:51  Drone  
  22  2:01  Drone  
  22  2:08  Unknown  
  22  2:09  Drone  
  22  2:12  Drone  
  24  2:21  Queen x2  
  24  2:22  Overlord  
  28  2:31  Queen, Unknown  
  28  2:32  Zergling x2  
  28  2:33  Zergling x4  
  28  2:37  Extractor  
  32  2:38  Drone  
  32  2:39  Extractor  
  32  2:41  Drone  
  33  2:44  Drone  
  33  2:45  Drone  
  35  2:53  Drone  
  35  2:54  Drone  
  37  3:00  Drone  
  38  3:07  Drone x3  
  41  3:14  Roach Warren  
  41  3:17  Overlord  
  41  3:18  Spine Crawler, Drone  
  40  3:22  Drone  
  40  3:32  Metabolic Boost  
  40  3:33  Overlord  
  40  3:34  Overlord  
  40  3:52  Queen  
  40  3:54  Roach x5  
  52  3:56  Zergling x2  
  52  4:01  Zergling x4  
  55  4:03  Roach  
  55  4:06  Roach  
  59  4:10  Roach  
  59  4:14  Roach  
  59  4:18  Roach  
  59  4:25  Drone  
  59  4:26  Drone  
  59  4:28  Drone  
  62  4:33  Drone  
  62  4:34  Drone  
  62  4:37  Drone  
  65  4:45  Overlord  
  65  4:46  Overlord  
  65  4:57  Drone  
  65  4:59  Drone x2  
  66  5:00  Drone  
  66  5:03  Drone x6  
  71  5:08  Drone x2  
  72  5:15  Drone  
  72  5:20  Lair  
  73  5:22  Drone x3  
  76  5:28  Drone  
  76  5:29  Drone x3  
  76  5:35  Extractor x2  
  79  5:36  Drone  
  79  5:37  Drone x2  
  79  5:39  Overlord  
  79  5:40  Overlord  
  81  5:45  Extractor  
  81  5:46  Extractor  
  81  5:48  Drone x2  
  81  5:57  Drone x8  
  89  6:05  Overlord x2  
  89  6:11  Overlord x4  
  89  6:17  Overlord  
  89  6:20  Spire  
  89  6:23  Zergling x2  
  89  6:24  Zergling x6  
  92  6:30  Overlord  
  92  6:31  Zergling x10  
Tags
 
Add a new tag
Caveats
  • Supply blocks, unpowered buildings, or Contaminate may cause inaccurate times.
  • Supply counts are checked every 10 seconds.